 Dungeon Crawl Stone Soup version 0.18.1-50-g88ac8fd (webtiles) character file.

3376 Franakus the Destroyer (level 9, -2/45 HPs)
             Began as a Deep Elf Conjurer on Oct 28, 2016.
             Was a Believer of Vehumet.
             Killed from afar by Erolcha (32 damage)
             ... with a bolt of lightning
             ... on level 10 of the Dungeon.
             The game lasted 01:08:42 (4996 turns).

Franakus the Destroyer (Deep Elf Conjurer)          Turns: 4996, Time: 01:08:42

Health: -2/45      AC:  3    Str:  5    XL:     9   Next: 74%
Magic:  8/25       EV: 16    Int: 24    God:    Vehumet [**....]
Gold:   376        SH:  0    Dex: 15    Spells: 4 memorised, 16 levels left

rFire  x . .     SeeInvis .     B - +2 spear (venom)
rCold  + . .     Gourm    .     C - +1 robe of Dirino {Slay+2}
rNeg   . . .     Faith    .     (no shield)
rPois  .         Spirit   .     (no helmet)
rElec  .         Dismiss  .     (no cloak)
rCorr  .         Reflect  .     (no gloves)
SustAt .         Harm     .     (no boots)
MR     .....                    (no amulet)
Stlth  +++.......               l - ring of flight
                                i - ring of ice

@: not resistant to hostile enchantments, fairly stealthy
A: no striking features
a: Renounce Religion, Evoke Flight


You were on level 10 of the Dungeon.
You worshipped Vehumet.
Vehumet was pleased with you.
You were not hungry.

You visited 2 branches of the dungeon, and saw 11 of its levels.

You collected 376 gold pieces.

Inventory:

Hand Weapons
 e - a +1 flail of crushing
 g - a +2 falchion
 w - a +3 spear
 y - a +0 short sword of venom
 B - a +2 spear of venom (weapon)
Missiles
 o - 5 tomahawks of returning (quivered)
Armour
 a - a +1 robe
 C - the +1 robe of Dirino (worn) {Slay+2}
   (You found it on level 9 of the Dungeon)

   It affects your accuracy and damage with ranged weapons and melee attacks
   (+2).
 E - a steam dragon hide
 I - a troll hide
Jewellery
 i - a ring of ice (left hand)
 l - a ring of flight (right hand)
Wands
 s - a wand of confusion (20/48)
 G - a wand of acid (7/15)
Scrolls
 k - 3 scrolls of remove curse
 m - a scroll of noise
 u - a scroll of teleportation
 x - 2 scrolls of fog {unknown}
 F - 2 scrolls of amnesia {unknown}
Potions
 d - 2 potions of lignification
 h - 2 potions of brilliance {unknown}
 n - a potion of mutation
 q - a potion of heal wounds {unknown}
 r - a potion of might {unknown}
 t - a potion of agility {unknown}
 v - 2 potions of haste {unknown}
 z - a potion of magic {unknown}
 A - a potion of resistance {unknown}
Books
 b - a book of Conjurations

   Spells                             Type                      Level
   a - Magic Dart                     Conjuration                  1
   b - Searing Ray                    Conjuration                  2
   c - Dazzling Spray                 Conjuration/Hexes            3
   d - Fulminant Prism                Conjuration/Hexes            4
   e - Iskenderun's Mystic Blast      Conjuration                  4
   f - Iskenderun's Battlesphere      Conjuration/Charms           5
 f - a book of Unlife

   Spells                             Type                      Level
   a - Recall                         Summoning/Translocation      3
   b - Animate Dead                   Necromancy                   4
   c - Control Undead                 Necromancy                   4
   d - Cigotuvi's Embrace             Necromancy                   5
   e - Death Channel                  Necromancy                   6
   f - Simulacrum                     Ice/Necromancy               6
Comestibles
 c - 7 bread rations
 j - 5 meat rations
 p - a fruit
 D - 5 chunks of flesh


   Skills:
 - Level 7.1 Dodging
 + Level 6.3 Stealth
 + Level 10.3 Spellcasting
 + Level 10.7 Conjurations
 + Level 1.1 Charms
 + Level 0.4 Evocations


You had 16 spell levels left.
You knew the following spells:

 Your Spells              Type           Power        Failure   Level  Hunger
a - Magic Dart            Conj           ####         1%          1    None
b - Searing Ray           Conj           ######       1%          2    None
c - Iskenderun's Mystic   Conj           ######..     1%          4    #......
d - Iskenderun's Battles  Conj/Chrm      #####...     14%         5    ####...


Dungeon Overview and Level Annotations

Branches:
Dungeon (10/15)            Temple (1/1) D:6
   Lair: D:8-11         Orc: D:9-12

Altars:
Ashenzari
Cheibriados
Fedhas
Gozag
Kikubaaqudgha
Okawaru
Pakellas
Qazlal
Ru
Sif Muna
Trog
Vehumet
Xom
Yredelemnul
Zin
The Shining One

Shops:
D:7 =

Annotations:
D:7 Pikel
D:8 Franakus's ghost, novice DECj
D:10 Erolcha; ololoev's ghost, novice DsBe


Message History

Casting: Magic Dart
Confirm with . or Enter, or press ? or * to list all spells.
You conjure a globe of magical energy.
Casting: Iskenderun's Battlesphere
Confirm with . or Enter, or press ? or * to list all spells.
Aiming: Iskenderun's Mystic Blast
Press: ? - help, Shift-Dir - straight line, f/p - Erolcha
Aim: Erolcha, wielding a giant club and wearing an embroidered robe (lightly wounded)
The orb of energy hits Erolcha.
Erolcha is moderately wounded.
The orb of energy explodes!
Your battlesphere fires!
The barrage of energy hits Erolcha.
Erolcha is heavily wounded.
Erolcha casts a spell at you.
The bolt of lightning hits your battlesphere.
Your battlesphere completely resists.
The bolt of lightning hits you! x2
Ouch! That really hurt!
You die...

.....# .....#
....# ....# ...#
#######..#
.........#
....O.ยง..#
#######*@# #..#
###############..#
(................#
.................#
##..############.#
(...############.#
..............<..#
...#############.#


You could see Erolcha and a friendly battlesphere.

Vanquished Creatures
  2 trolls (D:9)
  A wyvern (D:10)
  A yak (D:6)
  A hippogriff (D:9)
  A steam dragon (D:9)
  A sky beast (D:7)
  A slave (D:7)
  An ice beast (D:10)
  3 orc warriors
  4 ogres
  A necrophage (D:9)
  A centaur (D:7)
  A crocodile (D:10)
  A big kobold (D:10)
  2 howler monkeys (D:9)
  3 wights (D:8)
  3 jellies
  2 crimson imps
  3 giant frog zombies
  5 orc priests
  3 giant frog skeletons
  A gnoll shaman (D:8)
  A hound (D:4)
  5 orc wizards
  5 worker ants
  9 gnolls
  9 adders
  4 shadow imps
  A worm (D:2)
  A dart slug (D:1)
  A giant gecko (D:9)
  23 orcs
  2 bats (D:2)
  3 giant cockroaches (D:4)
  3 goblins
  A hobgoblin (D:3)
  5 jackals
  6 kobolds
  4 quokkas
  A ball python (D:2)
  A ball python skeleton (D:5)
  2 giant newts (D:5)
  2 quokka skeletons
  2 rats
133 creatures vanquished.

Vanquished Creatures (others)
  2 fungi (D:8)
2 creatures vanquished.

Grand Total: 135 creatures vanquished

Notes
Turn   | Place    | Note
--------------------------------------------------------------
     0 | D:1      | Franakus the Deep Elf Conjurer began the quest for the Orb.
     0 | D:1      | Reached XP level 1. HP: 10/10 MP: 6/6
    21 | D:2      | Found a bloodstained altar of Trog.
    24 | D:2      | Reached XP level 2. HP: 15/15 MP: 0/8
    28 | D:2      | Learned a level 2 spell: Searing Ray
    72 | D:2      | Reached skill level 5 in Conjurations
   151 | D:2      | Reached XP level 3. HP: 15/19 MP: 1/9
   525 | D:4      | Noticed an ogre
   563 | D:4      | Reached XP level 4. HP: 24/24 MP: 4/11
   599 | D:5      | Entered Level 5 of the Dungeon
   672 | D:4      | Noticed an ogre
   817 | D:5      | Reached XP level 5. HP: 28/28 MP: 5/12
   823 | D:5      | Learned a level 4 spell: Iskenderun's Mystic Blast
  1011 | D:4      | Killed an ogre
  1011 | D:4      | Reached XP level 6. HP: 32/32 MP: 6/13
  1267 | D:4      | Reached skill level 5 in Dodging
  1303 | D:4      | HP: 1/32 [giant frog skeleton (2)]
  1571 | D:4      | Found an iron altar of Okawaru.
  1662 | D:5      | Reached XP level 7. HP: 34/36 MP: 5/15
  1928 | D:5      | Reached skill level 5 in Spellcasting
  2056 | D:6      | Found a stormy altar of Qazlal.
  2056 | D:6      | Noticed a gargoyle
  2103 | D:6      | Found a staircase to the Ecumenical Temple.
  2109 | Temple   | Entered the Ecumenical Temple
  2203 | Temple   | Became a worshipper of Vehumet
  2249 | D:6      | Learned a level 5 spell: Iskenderun's Battlesphere
  2301 | D:6      | Found an oddly glowing altar of Pakellas.
  2362 | D:6      | Noticed a yak
  2363 | D:6      | Found a deep blue altar of Sif Muna.
  2367 | D:6      | Killed a yak
  2466 | D:8      | Noticed Franakus's ghost (novice DECj)
  2525 | D:8      | Reached XP level 8. HP: 10/41 MP: 9/19
  2896 | D:7      | Reached skill level 5 in Stealth
  2905 | D:7      | Found a sacrificial altar of Ru.
  3076 | D:7      | Reached * piety under Vehumet
  3076 | D:7      | Offered knowledge of Sting by Vehumet.
  3500 | D:7      | Found Verruv's Jewellery Shop.
  3523 | D:7      | Noticed Pikel
  3853 | D:8      | Found a shimmering altar of Xom.
  3900 | D:8      | Found a snail-covered altar of Cheibriados.
  4145 | D:9      | Got a crude robe
  4156 | D:9      | Identified the +1 robe of Dirino {Slay+2} (You found it on level 9 of the Dungeon)
  4205 | D:9      | Noticed a troll
  4250 | D:9      | Reached XP level 9. HP: 36/45 MP: 21/23
  4289 | D:9      | Noticed a troll
  4295 | D:9      | Killed a troll
  4340 | D:10     | Entered Level 10 of the Dungeon
  4366 | D:10     | Noticed Erolcha
  4515 | D:10     | Reached skill level 10 in Conjurations
  4580 | D:10     | Reached ** piety under Vehumet
  4580 | D:10     | Offered knowledge of Flame Tongue by Vehumet.
  4635 | D:10     | Noticed ololoev's ghost (novice DsBe)
  4707 | D:9      | Killed a troll
  4707 | D:9      | Reached skill level 10 in Spellcasting
  4978 | D:10     | Reached skill level 1 in Charms
  4996 | D:10     | Killed from afar by Erolcha

Skill      XL: |  1  2  3  4  5  6  7  8  9 |
---------------+----------------------------+-----
Conjurations   | 5 6 7 9 10 | 10.7
Dodging        | 3 4 5 7 |  7.1
Stealth        | 3 4 5 6 |  6.3
Spellcasting   | 4 6 8 10 | 10.3
Charms         | 1 |  1.1
Evocations     | |  0.4

Action                   |  1- 3 |  4- 6 |  7- 9 || total
-------------------------+-------+-------+-------++-------
Melee: Unarmed           |     1 |     1 |       ||     2
       Spear             |       |       |    23 ||    23
 Cast: Magic Dart        |    23 |    20 |    73 ||   116
       Searing Ray       |     7 |    17 |    40 ||    64
       Iskenderun's Myst |       |     3 |    30 ||    33
       Iskenderun's Batt |       |       |     8 ||     8
Evoke: Wand              |       |       |     3 ||     3
  Use: Scroll            |     5 |     2 |     5 ||    12
       Potion            |       |     1 |     1 ||     2
 Stab: Sleeping          |       |       |     1 ||     1
  Eat: Chunk             |       |     2 |    11 ||    13
       Beef jerky        |       |       |     2 ||     2
       Fruit             |       |       |     1 ||     1
Armor: Robe              |    11 |     4 |    16 ||    31
Dodge: Dodged            |    38 |    22 |    90 ||   150
